Map: Ciudad Esmeralda EE

Players

Banishalol

  • Race: Protoss Protoss
  • League: Gold
  • Spawn Location: 5:00

XxInsaynexX

  • Race: Protoss Protoss
  • Spawn Location: 5:00

MrFercho - Winner!

  • Race: Zerg Zerg
  • League: Silver
  • Spawn Location: 11:00

tigro - Winner!

  • Race: Terran Terran
  • League: Bronze
  • Spawn Location: 11:00

VOD

Have the link to the VOD?

Description

Time

  • Played on: June 19, 2020, 8:57 p.m.
  • Length: 6:16
Show
View Real Time Build Order
Export as new Build Order

Banishalol Protoss 

Build Orders: 1 Gate Expand 

Get SALT Encoding   

  12  0:01  Probe  
  13  0:13  Probe  
  14  0:24  Pylon  
  14  0:26  Probe  
  16  0:42  Probe  
  16  0:47  Gateway  
  16  0:55  Probe  
  17  1:07  Probe  
  18  1:18  Nexus  
  18  1:35  Assimilator  
  18  1:36  Probe  
  18  1:38  Assimilator  
  19  1:50  Probe  
  20  2:02  Probe  
  21  2:09  Pylon  
  21  2:14  Probe  
  22  2:26  Probe  
  22  2:27  Forge, Zealot  
  25  2:36  Cybernetics Core  
  25  2:38  Probe  
  26  2:57  Pylon  
  26  3:00  Protoss Ground Weapons Level 1  
  26  3:06  Photon Cannon  
  26  3:14  Stalker  
  28  3:31  Pylon  
  28  3:33  Probe  
  28  3:34  Probe  
  30  3:35  Pylon  
  30  3:44  Probe x2  
  32  3:52  Assimilator, Probe x2  
  32  3:55  Stalker, Pylon  
  34  4:00  Probe x2  
  36  4:06  Warp Gate  
  38  4:12  Probe  
  38  4:13  Photon Cannon  
  38  4:16  Probe  
  40  4:21  Assimilator  
  40  4:24  Probe  
  40  4:28  Probe  
  40  4:29  Stalker  
  44  4:36  Probe  
  45  4:40  Robotics Facility  
  45  4:41  Probe  
  45  4:42  Twilight Council  
  46  4:48  Probe  
  47  5:02  Nexus  
  47  5:24  Pylon  
  47  5:30  Pylon  
  47  5:36  Pylon  
  47  5:37  Stalker  
  47  5:42  Probe  
  50  5:43  Probe  
  51  5:54  Probe  
  51  5:57  Gateway  
  52  5:58  Gateway  
  52  6:01  Forge  
Show
View Real Time Build Order
Export as new Build Order

XxInsaynexX Protoss 

Build Orders: 1 Gate Expand 

Get SALT Encoding   

  12  0:01  Probe  
  13  0:17  Pylon  
  13  0:18  Probe  
  14  0:31  Probe  
  14  0:33  Assimilator  
  15  0:56  Gateway  
  15  0:59  Probe  
  16  1:12  Probe  
  16  1:18  Nexus  
  17  1:28  Probe  
  18  1:38  Pylon  
  18  1:41  Probe  
  19  1:50  Cybernetics Core  
  19  1:53  Probe  
  20  2:06  Warp Gate, Probe  
  21  2:12  Assimilator  
  21  2:18  Probe  
  22  2:31  Stalker, Probe  
  25  2:50  Probe x2  
  27  2:56  Robotics Facility  
  27  3:02  Probe x2  
  27  3:03  Stalker  
  31  3:14  Probe x2  
  33  3:36  Probe x2  
  35  3:47  Gateway  
  35  3:48  Probe  
  35  3:49  Probe  
  35  3:50  Gateway  
  37  3:57  Assimilator  
  37  3:59  Stalker  
  37  4:00  Probe  
  37  4:01  Probe  
  41  4:03  Immortal  
  45  4:13  Twilight Council, Probe  
  46  4:30  Charge  
  46  4:31  Pylon  
  46  4:40  Nexus  
  46  4:48  Probe x2  
  46  4:49  Immortal  
  52  4:56  Probe x2  
  52  5:03  Pylon  
  52  5:05  Pylon  
  55  5:21  Immortal, Probe  
  55  5:22  Zealot  
  55  5:23  Zealot x2  
  65  5:47  Stargate  
  65  5:49  Templar Archives  
  65  5:55  Gateway  
  65  5:57  Gateway  
  65  5:59  Probe x2  
  65  6:00  Probe  
Show
View Real Time Build Order
Export as new Build Order

MrFercho Zerg - Winner!

Build Orders: Hatch First 

Get SALT Encoding   

  12  0:01  Drone  
  13  0:15  Overlord  
  13  0:21  Drone  
  14  0:33  Drone x2  
  16  0:54  Drone  
  16  0:56  Hatchery  
  16  1:04  Drone x2  
  16  1:09  Drone  
  19  1:23  Spawning Pool, Drone  
  19  1:27  Extractor  
  18  1:33  Drone  
  19  1:41  Drone  
  20  1:53  Drone  
  21  2:02  Drone  
  21  2:08  Drone  
  23  2:13  Drone  
  24  2:19  Drone  
  25  2:30  Drone x2  
  27  2:39  Roach Warren  
  27  2:41  Queen  
  27  2:43  Overlord  
  28  2:44  Overlord  
  28  3:00  Queen  
  30  3:06  Drone x4  
  34  3:30  Drone  
  34  3:33  Lair  
  35  3:45  Drone  
  35  3:47  Extractor  
  35  3:50  Extractor  
  34  3:55  Overlord  
  34  4:07  Evolution Chamber  
  33  4:12  Roach  
  33  4:14  Roach x4  
  43  4:24  Drone  
  44  4:26  Overlord x2  
  44  4:27  Overlord  
  44  4:34  Hatchery  
  43  4:38  Glial Reconstitution  
  43  4:56  Drone x9  
  52  5:03  Overseer  
  52  5:14  Drone x5  
  57  5:26  Spine Crawler  
  57  5:28  Spine Crawler  
  55  5:37  Spore Crawler  
  55  5:40  Drone x2  
  55  5:41  Drone x2  
  58  5:46  Extractor  
  57  5:51  Hydralisk Den  
  57  5:52  Hatchery  
Show
View Real Time Build Order
Export as new Build Order

tigro Terran - Winner!

Build Orders:  

Get SALT Encoding   

  12  0:02  SCV  
  13  0:14  SCV  
  14  0:24  Supply Depot  
  14  0:26  SCV  
  15  0:36  Refinery  
  15  0:45  SCV  
  15  0:49  Barracks  
  16  0:58  Refinery, SCV  
  17  1:10  SCV  
  18  1:17  Supply Depot  
  18  1:22  SCV  
  19  1:36  Marine  
  20  1:44  SCV  
  21  1:54  Marine  
  21  1:56  SCV  
  23  2:03  Barracks  
  23  2:08  SCV  
  23  2:12  Marine  
  25  2:15  Engineering Bay  
  25  2:28  SCV  
  26  2:30  Marine  
  27  2:48  Marine  
  28  2:52  Factory  
  28  2:54  Barracks Tech Lab  
  28  3:08  Orbital Command  
  28  3:15  Barracks Reactor, Command Center  
  28  3:17  Combat Shield  
  28  3:42  Factory Tech Lab  
  28  3:50  Terran Infantry Weapons Level 1  
  28  3:52  Starport  
  28  3:56  Marine x2  
  30  4:15  Siege Tank  
  33  4:27  SCV  
  33  4:30  Refinery  
  34  4:36  Medivac  
  36  4:39  SCV  
  37  4:51  SCV  
  38  4:53  Missile Turret  
  38  5:04  SCV  
  39  5:11  Starport  
  39  5:14  Missile Turret  
  39  5:16  SCV  
  40  5:36  Refinery  
  40  5:38  Missile Turret  
  40  5:50  Starport Tech Lab  
  40  5:51  Fusion Core  
  40  5:53  Starport Tech Lab  
Tags
 
Add a new tag
Caveats
  • Supply blocks, unpowered buildings, or Contaminate may cause inaccurate times.
  • Supply counts are checked every 10 seconds.